 Dungeon Crawl Stone Soup version 0.31-a0-774-g0d66cbabe8 (webtiles) character file.

Game seed: 4012655742101124628

15474 Shayle the Fighter (level 12, -12/130 HPs)
             Began as an Ogre Shapeshifter on Sept 17, 2023.
             Was a Believer of Kikubaaqudgha.
             Killed from afar by a molten gargoyle (22 damage)
             ... with a bolt of magma
             ... in a volcano.
             The game lasted 00:38:34 (13994 turns).

Shayle the Fighter (Ogre Shapeshifter)             Turns: 13994, Time: 00:38:35

Health: -12/130    AC: 15    Str: 23    XL:     12   Next: 27%
Magic:  25/25      EV:  9    Int: 15    God:    Kikubaaqudgha [**....]
Gold:   1063       SH:  0    Dex:  8    Spells: 20/29 levels left

rFire   + . .        B - +4 hammer of Chance {flame, Fly rPois Stlth+}
rCold   x . .        (no shield)
rNeg    + + +        p - +6 swamp dragon scales of Paodes {rPois Str+2 Slay+2}
rPois   +            (helmet currently unavailable)
rElec   +            (cloak currently unavailable)
rCorr   .            (gloves unavailable)
SInv    +            (boots unavailable)
Will    +....        w - amulet "Usout" {Acrobat *Slow rElec rN+++ SInv}
Stlth   +            b - ring of fire
HPRegen 0.41/turn    (no ring)
MPRegen 0.19/turn

%: slow self (1%), acrobat
@: mighty, beast-form, flying, studying Ranged Weapons
A: beast (slay +3), large, unfitting armour, tough skin 1
a: Begin Untransformation, Renounce Religion, Unearth Wretches


You were in a volcano.
You worshipped Kikubaaqudgha.
Kikubaaqudgha was pleased with you.
You were a hulking beast.
You visited 3 branches of the dungeon, and saw 12 of its levels.
You also visited: Sewer and Volcano.

You collected 1063 gold pieces.

Inventory:

Hand Weapons
 B - the +4 hammer of Chance (weapon) {flame, Fly rPois Stlth+}
   (You found it on level 5 of the Dungeon)

   rPois:     It protects you from poison Fly: It grants you flight.
   Stlth+:    It makes you more stealthy.
Missiles
 r - 2 throwing nets
 H - a curare-tipped dart
Armour
 p - the +6 swamp dragon scales of Paodes (worn) {rPois Str+2 Slay+2}
   (You acquired it on level 6 of the Dungeon)

   Str+2:     It affects your strength (+2).
   Slay+2:    It affects your accuracy & damage with ranged weapons and melee
   (+2).
   rPois:     It protects you from poison
Jewellery
 b - a ring of fire (left hand)
 n - a ring of ice
 w - the amulet "Usout" (around neck) {Acrobat *Slow rElec rN+++ SInv}
   (You found it on level 4 of the Dungeon)

   [amulet of the acrobat]

   Acrobat:   It increases your evasion while moving and waiting.
   rElec:     It insulates you from electricity.
   rN+++:     It renders you almost immune to negative energy.
   SInv:      It lets you see invisible.
   *Slow:     It may slow you when you take damage.
Talismans
 c - a beast talisman (active)
 d - a flux talisman
Wands
 K - a wand of flame (5)
Scrolls
 e - a scroll of teleportation
 f - 2 scrolls of vulnerability
 l - 2 scrolls of noise
 o - a scroll of revelation
 t - 2 scrolls of fog
 y - 2 scrolls of fear
 z - a scroll of torment {unknown}
 E - 3 scrolls of amnesia
 F - 2 scrolls of blinking {unknown}
 G - a scroll of immolation {unknown}
 J - a scroll of silence {unknown}
Potions
 a - a potion of attraction {unknown}
 j - 2 potions of cancellation
 k - 2 potions of mutation
 m - a potion of magic
 s - 2 potions of haste
 u - a potion of curing
 v - a potion of berserk rage {unknown}
 D - a potion of resistance


   Skills:
 - Level 11.0 Fighting
 - Level 6.4 Ranged Weapons
 * Level 5.7 Armour
 - Level 1.7 Dodging
 - Level 5.9 Unarmed Combat
 - Level 9.1 Spellcasting
 + Level 6.9 Necromancy
 + Level 5.5 Earth Magic
 - Level 6.1 Shapeshifting


You had 20 spell levels left.
You knew the following spells:

 Your Spells              Type           Power      Damage    Failure   Level
a - Necrotise             Necr           100%       1d9       1%          1
b - Vampiric Draining     Necr           27%        2d7       2%          3
c - Borgnjor's Vile Clut  Necr/Erth      12%        N/A       34%         5

Your spell library contained the following spells:

 Spells                   Type           Power      Damage    Failure   Level
 Kiss of Death            Conj/Necr      68%        2d10      3%          1
 Passwall                 Tmut/Erth      12%        N/A       8%          2
 Cigotuvi's Dreadful Rot  Necr/Pois/Air  26%        N/A       10%         2
 Apportation              Tloc           12%        N/A       16%         1
 Foxfire                  Conj/Fire      40%        2x1d6     16%         1
 Ensorcelled Hibernation  Hex/Ice        12%        N/A       24%         2
 Jinxbite                 Hex            12%        N/A       24%         2
 Anguish                  Hex/Necr       8%         N/A       36%         4
 Dazzling Flash           Conj/Hex       12%        N/A       43%         3
 Swiftness                Air            6%         N/A       43%         3
 Tukima's Dance           Hex            6%         N/A       43%         3
 Volatile Blastmotes      Fire/Tloc      20%        2d11      43%         3
 Passage of Golubria      Tloc           6%         N/A       85%         4
 Alistair's Intoxication  Tmut/Pois      4%         N/A       99%         5
 Summon Forest            Summ/Tloc      3%         N/A       99%         5
 Summon Mana Viper        Hex/Summ       6%         N/A       99%         5
 Yara's Violent Unravell  Hex/Tmut       3%         3d4       99%         5
 Eringya's Noxious Bog    Tmut/Pois      3%         4d6       100%        6
 Plasma Beam              Fire/Air       5%         2x1d15    100%        6
 Starburst                Conj/Fire      5%         6d4       100%        6
 Summon Cactus Giant      Summ           3%         N/A       100%        6
 Maxwell's Capacitive Co  Air            3%         ∞         100%        8


Dungeon Overview and Level Annotations

Branches:
Dungeon (8/15)             Temple (1/1) D:4            Lair (3/5) D:8
 Shoals (0/4) Lair:3        Sewer (visited)         Volcano (1/1)
  Snake: Lair:2-3    Spider: Lair:2-3

Altars:
Ashenzari
Dithmenos
Elyvilon
Fedhas
Gozag
Hepliaklqana
Kikubaaqudgha
Nemelex Xobeh
Okawaru
Qazlal
Ru
Sif Muna
Trog
Uskayaw
Vehumet
Wu Jian
Yredelemnul
Zin
The Shining One

Annotations:
D:3 1 runed translucent door
D:5 1 runed translucent door, Crazy Yiuf


Innate Abilities, Weirdness & Mutations

You are a hulking beast.
Your limbs bulge with bestial killing power. (Slay +3)
You are too large for most types of armour.
You have tough skin. (AC +1)


Message History

You barely miss the molten gargoyle.
The molten gargoyle is lightly damaged.
The molten gargoyle hits you but does no damage.
You hit the molten gargoyle.
The molten gargoyle is moderately damaged.
The molten gargoyle blasts magma at you!
The bolt of magma misses you.
The molten gargoyle blasts magma at you!
The bolt of magma hits you!! You partially resist.
You hit the molten gargoyle but do no damage.
The molten gargoyle is moderately damaged.
The molten gargoyle hits you with a +0 mace!
You are engulfed in flames.
You resist.
You hit the molten gargoyle but do no damage.
The molten gargoyle is moderately damaged.
The molten gargoyle hits you with a +0 mace!
* * * LOW HITPOINT WARNING * * *
You are engulfed in flames.
You resist.
* * * LOW HITPOINT WARNING * * *
You feel much better.
The molten gargoyle hits you with a +0 mace.
* * * LOW HITPOINT WARNING * * *
You are engulfed in flames.
You resist.
* * * LOW HITPOINT WARNING * * *
You feel very mighty all of a sudden.
The molten gargoyle hits you with a +0 mace!
* * * LOW HITPOINT WARNING * * *
You are engulfed in flames.
You resist.
* * * LOW HITPOINT WARNING * * *
Unknown command.
You hit the molten gargoyle.
The molten gargoyle is heavily damaged.
The molten gargoyle hits you with a +0 mace!
* * * LOW HITPOINT WARNING * * *
You are engulfed in flames.
You resist.
* * * LOW HITPOINT WARNING * * *
The molten gargoyle blasts magma at you!
The bolt of magma hits you!! You partially resist.
You die...
Kikubaaqudgha rasps: "You have failed me!
Welcome... death!"

≈§≈≈§§§§≈§§.#.∩..#.8_8.#
.≈≈≈
≈≈§§≈≈≈≈≈≈§.#....#.....#
.≈≈≈
≈§≈≈≈§≈≈§≈≈.###''###'###
.≈≈≈ ≈≈≈§§§≈≈.#......#†#
.§≈≈ §≈§§§§≈≈.######.#.#
.≈≈≈ ≈§§§≈≈≈.#.$[(#.#.#
≈≈≈≈§≈≈.#.$!$#.#.#
§≈§≈≈≈≈.#..$)#.#.#
≈§≈≈≈≈≈.#..9h..#.#
≈≈≈§≈≈≈.########+#######
≈≈≈≈≈§≈§§...............
≈≈≈≈≈≈≈≈≈≈≈≈≈§≈S≈≈≈≈≈≈≈≈
≈≈≈≈§§≈§§≈≈§≈≈§≈≈≈§≈≈≈§≈
≈S≈§≈≈≈≈≈§≈≈§§§§≈≈≈§≈≈≈≈
≈§≈≈§≈§§≈≈§≈≈§≈≈§≈§≈≈≈≈≈
..≈≈§§≈≈≈≈§§§≈≈≈≈≈≈≈≈≈≈≈
...≈§≈§§≈≈≈§≈≈§≈≈≈≈§...§


You could see a molten gargoyle.

Vanquished Creatures
  A hell knight (Volcano)
  An ugly thing (Volcano)
  5 elephants (Lair:3)
  3 black mambas (Lair:1)
  A torpor snail (Lair:1)
  A smoke demon (Volcano)
  5 cane toads
  A komodo dragon (Lair:1)
  8 blink frogs (Lair:2)
  A wyvern (Lair:1)
  13 yaks
  2 basilisks
  2 fire bats (Volcano)
  2 steam dragons
  Edmund (D:6)
  A hell hound (Volcano)
  15 water moccasins
  An orc warrior (D:7)
  A sky beast (D:5)
  An ice beast (D:6)
  3 black bears
  5 wolves
  An ogre (D:6)
  3 kobold brigands
  Blork the orc (D:5)
  16 bullfrogs
  2 scorpions
  3 killer bees (D:7)
  2 jellies
  2 howler monkeys
  3 lava snakes (Volcano)
  2 orc priests
  2 hounds
  A human zombie (D:3)
  An iguana (D:5)
  Ijyb (D:3)
  Terence (D:2)
  Natasha (thrice) (D:2)
  An orc wizard (D:7)
  4 gnolls (D:2)
  16 adders
  4 river rats
  A shadow imp (D:6)
  A white imp (D:7)
  A worm (D:2)
  5 dart slugs
  2 orcs
  13 ball pythons
  7 bats
  7 endoplasms
  6 giant cockroaches
  7 goblins
  4 hobgoblins
  6 jackals (D:4)
  24 kobolds
  8 quokkas
  6 frilled lizards
  A goblin zombie (D:3)
  47 rats
289 creatures vanquished.

Vanquished Creatures (others)
  A hell hound (Volcano)
1 creature vanquished.

Grand Total: 290 creatures vanquished

Notes
Turn   | Place    | Note
-------+----------+-------------------------------------------
     0 | D:1      | Shayle the Ogre Shapeshifter began the quest for the Orb.
     0 | D:1      | Reached XP level 1. HP: 19/19 MP: 1/1
   210 | D:1      | Reached XP level 2. HP: 28/28 MP: 2/2
   431 | D:1      | Reached skill level 1 in Spellcasting
   617 | D:1      | Reached skill level 2 in Fighting
   931 | D:2      | Noticed Terence
   945 | D:2      | Killed Terence
   946 | D:2      | Reached XP level 3. HP: 36/36 MP: 3/5
  1006 | D:2      | Reached XP level 4. HP: 44/44 MP: 6/6
  1205 | D:2      | Noticed Natasha
  1208 | D:2      | Killed Natasha
  1325 | D:2      | Reached skill level 3 in Fighting
  1673 | D:2      | Reached XP level 5. HP: 53/53 MP: 8/8
  1813 | D:2      | Noticed Natasha
  1815 | D:2      | Killed Natasha
  1908 | D:2      | Noticed Natasha
  1914 | D:2      | Killed Natasha
  2177 | D:3      | Noticed Ijyb
  2181 | D:3      | Killed Ijyb
  2253 | D:3      | Found a runed translucent door.
  2253 | D:3      | Noticed a human
  2254 | D:3      | Found a basalt altar of Yredelemnul.
  2273 | D:3      | Reached XP level 6. HP: 53/62 MP: 10/10
  2437 | D:3      | Found a broken altar of Ashenzari.
  2437 | D:3      | Found a glowing silver altar of Zin.
  2462 | D:3      | Reached skill level 4 in Fighting
  2652 | D:3      | Found a glowing drain.
  2670 | Sewer    | Entered a sewer
  3072 | Sewer    | Reached XP level 7. HP: 57/71 MP: 12/12
  3083 | Sewer    | Reached skill level 5 in Fighting
  3799 | D:4      | Found an opulent altar of Gozag.
  4241 | D:4      | Identified the amulet "Usout" {Acrobat *Slow rElec rN+++
                  | SInv}
  4369 | D:4      | Found a staircase to the Ecumenical Temple.
  4376 | Temple   | Entered the Ecumenical Temple
  4402 | Temple   | Became a worshipper of Kikubaaqudgha
  4860 | D:5      | Entered Level 5 of the Dungeon
  5131 | D:5      | Reached skill level 5 in Shapeshifting
  5131 | D:5      | Reached XP level 8. HP: 71/83 MP: 14/14
  5232 | D:5      | Reached skill level 6 in Fighting
  5506 | D:5      | Identified the +4 hammer of Chance {flame, Fly rPois
                  | Stlth+}
  5524 | D:5      | Found a runed translucent door.
  5525 | D:5      | Noticed Crazy Yiuf
  5564 | D:5      | Noticed Blork the orc
  5579 | D:5      | Killed Blork the orc
  5580 | D:5      | Reached skill level 5 in Unarmed Combat
  5588 | D:5      | Reached skill level 5 in Spellcasting
  6436 | D:6      | Reached skill level 7 in Fighting
  6839 | D:6      | Noticed Edmund
  6857 | D:6      | Killed Edmund
  6870 | D:6      | Reached XP level 9. HP: 31/93 MP: 17/17
  7342 | D:6      | Identified 2 scrolls of acquirement
  7343 | D:6      | Acquired the +6 swamp dragon scales of Paodes {rPois Str+2
                  | Slay+2}
  7344 | D:6      | Acquired a manual of Ranged Weapons
  7764 | D:7      | Reached skill level 8 in Fighting
  7764 | D:7      | Reached skill level 1 in Ranged Weapons
  7765 | D:7      | Reached skill level 1 in Necromancy
  7800 | D:7      | Reached * piety under Kikubaaqudgha
  7800 | D:7      | Received a gift from Kikubaaqudgha
  8116 | D:7      | Found a hide-covered altar of Uskayaw.
  8621 | D:8      | Found an ornate altar of the Wu Jian Council.
  8772 | D:8      | Found a shimmering blue altar of Sif Muna.
  8825 | D:8      | Found a bloodstained altar of Trog.
  8847 | D:8      | Found a staircase to the Lair.
  8856 | Lair:1   | Entered Level 1 of the Lair of Beasts
  8936 | Lair:1   | Reached skill level 9 in Fighting
  8953 | Lair:1   | Noticed a cane toad
  8956 | Lair:1   | Reached XP level 10. HP: 107/107 MP: 21/21
  8964 | Lair:1   | Killed a cane toad
  9489 | Lair:1   | Learned a level 1 spell: Necrotise
  9493 | Lair:1   | Learned a level 3 spell: Vampiric Draining
  9499 | Lair:1   | Learned a level 5 spell: Borgnjor's Vile Clutch
  9702 | Lair:1   | Noticed a cane toad
  9721 | Lair:1   | Killed a cane toad
  9722 | Lair:1   | Reached skill level 10 in Fighting
  9722 | Lair:1   | Reached skill level 5 in Ranged Weapons
  9722 | Lair:1   | Reached skill level 1 in Earth Magic
 10025 | Lair:1   | Acquired 569 gold pieces
 10171 | Lair:1   | Noticed a cane toad
 10181 | Lair:1   | Killed a cane toad
 10330 | Lair:1   | Noticed a torpor snail
 10344 | Lair:1   | Killed a torpor snail
 10345 | Lair:1   | Reached XP level 11. HP: 108/119 MP: 23/23
 11106 | Lair:1   | Reached skill level 5 in Necromancy
 11807 | Lair:2   | Reached skill level 11 in Fighting
 11817 | Lair:2   | Reached skill level 1 in Armour
 11975 | Lair:2   | Reached ** piety under Kikubaaqudgha
 12793 | Lair:2   | Noticed a fire dragon
 13080 | Lair:3   | Reached XP level 12. HP: 45/130 MP: 25/25
 13090 | Lair:3   | Reached skill level 5 in Earth Magic
 13097 | Lair:3   | Reached skill level 5 in Armour
 13181 | Lair:3   | Found a dark tunnel.
 13186 | Volcano  | Entered a volcano
 13717 | Volcano  | Found a bloodstained altar of Trog.
 13746 | Volcano  | Noticed a hell knight
 13749 | Volcano  | Killed a hell knight
 13994 | Volcano  | Killed from afar by a molten gargoyle

Illustrated notes

Levels and vault maps discovered:
D:1:      minmay_arrival_wavy_path, layout_basic
D:2:      layout_loops_ring, chequers_jeans, hangedman_decor_points,
          nicolae_houndstooth_variations, uniq_natasha, uniq_terence
D:3:      layout_loops_ring, dk_yredelemnul_ordeal,
          gammafunk_temple_overflow_elements, gup_sewer_entry_bubbles,
          minmay_misc_feat_encased, uniq_ijyb
D:4:      layout_basic, mainiacjoe_overflow_chevrons, temple_green,
          minmay_rat_hole
D:5:      cheibrodos_helix_gallery, layout_basic,
          hangedman_abyss_or_decor_slice, nicolae_titane,
          uniq_crazy_yiuf_cottage, uniq_blork_the_orc
D:6:      layout_basic, uniq_edmund
D:7:      layout_cave_pools, nicolae_uskayaw_murder_on_the_dancefloor,
          kennysheep_donut
D:8:      minmay_klotski, layout_rooms, trog_three_pillars_becter,
          grunt_temple_overflow_open, lair_entry_dummy, minmay_misc_feat_hallway
Temple:   bh_familiar_temple
Lair:1:   layout_cave_pods
Lair:2:   dragon1_lemuel, layout_small_grid, minmay_snake_entry_six_corridors
Lair:3:   layout_cave_shapes, nicolae_shoals_entry_roost, enter_volcano_4,
          hellmonk_ghost_happy_afterlife
Volcano:  volcano_lake [vl_original]

Skill      XL: |  1  2  3  4  5  6  7  8  9 10 11 12 |
---------------+-------------------------------------+-----
Spellcasting   | 1 2 3 4 5 7 8 9 |  9.1
Fighting       | 2 3 4 5 7 9 10 11 | 11.0
Unarmed Combat | 3 4 5 |  5.9
Shapeshifting  | 4 5 6 |  6.1
Ranged Weapons | 3 5 6 |  6.4
Necromancy     | 2 4 6 |  6.9
Earth Magic    | 2 4 5 |  5.5
Armour         | 4 5 |  5.7
Dodging        | |  1.7

Action                     |  1- 3 |  4- 6 |  7- 9 | 10-12 || total
---------------------------+-------+-------+-------+-------++-------
  Melee: Unarmed           |    55 |    91 |       |       ||   146
         Punch             |     1 |     4 |     7 |    14 ||    26
         Dagger            |       |   120 |   161 |       ||   281
         Mace              |       |       |   198 |   364 ||   562
   Cast: Vampiric Draining |       |       |       |    24 ||    24
         Necrotise         |       |       |       |     4 ||     4
  Evoke: Wand              |       |     8 |     9 |    13 ||    30
    Use: Potion            |     1 |       |     4 |     6 ||    11
         Scroll            |       |     5 |    10 |     6 ||    21
   Stab: Paralysed         |       |       |     5 |       ||     5
         Sleeping          |       |       |     2 |       ||     2
         Distracted        |       |       |     1 |       ||     1
 Armour: Animal skin       |    18 |       |       |       ||    18
         Robe              |    13 |   142 |   180 |       ||   335
         Skin              |     4 |       |       |       ||     4
         Swamp dragon scal |       |       |   300 |   507 ||   807
  Dodge: Dodged            |    21 |    94 |   290 |   282 ||   687

Table legend: (Time is in decaauts)
 A = Elapsed time spent in this place.
 B = Non-inter-level travel time spent in this place.
 C = Inter-level travel time spent in this place.
 D = Time resting spent in this place.
 E = Time spent auto-exploring this place.
 F = Levels seen in this place.
 G = Mean time per level.
                   A        B        C        D        E       F      G
               +--------+--------+--------+--------+--------+-----+--------+
         Total |  14212 |  13506 |    706 |   3235 |   6726 |  14 | 1015.1 |
       Dungeon |   8304 |   7970 |    334 |   1181 |   5068 |   8 | 1038.0 |
        Temple |     51 |      2 |     49 |      0 |      0 |   1 |   51.0 |
          Lair |   4408 |   4086 |    322 |   1188 |   1628 |   3 | 1469.3 |
         Sewer |    617 |    617 |      0 |    276 |     30 |   1 |  617.0 |
       Volcano |    829 |    829 |      0 |    590 |      0 |   1 |  829.0 |
               +--------+--------+--------+--------+--------+-----+--------+

Top non-repeatable levels by time:
  Lair:1: 2748 daAuts
     D:5: 1422 daAuts
     D:6: 1364 daAuts
  Lair:2: 1301 daAuts
     D:1: 1088 daAuts
     D:2: 1073 daAuts
     D:4: 1067 daAuts
     D:7: 1026 daAuts
     D:3: 931 daAuts
 Volcano: 829 daAuts
   Sewer: 617 daAuts
  Lair:3: 358 daAuts
     D:8: 330 daAuts
  Temple: 51 daAuts
